 Dungeon Crawl Stone Soup version 0.24.0-123-gd5b16e6ec5 (webtiles) character file.

Game seed: 8819353924514890577, levelgen mode: deterministic

945 Curus the Basher (level 7, -3/57 HPs)
             Began as a Minotaur Abyssal Knight on Dec 24, 2019.
             Was a Priest of Lugonu.
             Slain by an ice beast (8 damage)
             ... on level 5 of the Dungeon.
             The game lasted 00:16:15 (3805 turns).

Curus the Basher (Minotaur Abyssal Knight)          Turns: 3805, Time: 00:16:16

Health: -3/57      AC: 11    Str: 17    XL:     7   Next: 89%
Magic:  6/10       EV:  6    Int:  9    God:    Lugonu [***...]
Gold:   311        SH:  0    Dex: 15    Spells: 6/6 levels left

rFire    . . .     SeeInvis .   s - +0 flail
rCold    . . .     Gourm    .   (no shield)
rNeg     . . .     Faith    .   l - +0 plate armour
rPois    .         Spirit   .   (helmet restricted)
rElec    .         Reflect  .   (no cloak)
rCorr    .         Harm     .   (no gloves)
MR       +....     Clarity  +   (no boots)
Stlth    ..........             (no amulet)
HPRegen  0.19/turn              e - ring of protection from magic
MPRegen  0.12/turn              t - +4 ring of dexterity

@: no status effects
A: retaliatory headbutt, horns 2, clarity, sturdy frame 1
a: Depart the Abyss, Bend Space, Banish, Renounce Religion


You were on level 5 of the Dungeon.
You worshipped Lugonu.
Lugonu was most pleased with you.
You were very hungry.

You visited 1 branch of the dungeon, and saw 5 of its levels.
You visited the Abyss 1 time.

You collected 311 gold pieces.

Inventory:

Hand Weapons
 a - a +1 mace
 s - a +0 flail (weapon)
Armour
 b - a +0 leather armour
 d - a +0 ring mail
 l - a +0 plate armour (worn)
Jewellery
 e - a ring of protection from magic (left hand)
 i - an uncursed ring of wizardry
 m - an uncursed ring of wizardry
 q - an uncursed ring of wizardry
 r - an uncursed ring of wizardry
 t - a +4 ring of dexterity (right hand)
Wands
 h - a wand of random effects (25)
Scrolls
 f - 3 scrolls of magic mapping
 g - 9 scrolls of identify
 j - a scroll of amnesia
 k - 4 scrolls of teleportation
 n - 4 scrolls of remove curse
 o - a scroll of fog
 p - a scroll of fear
Comestibles
 c - 12 rations


   Skills:
 - Level 3.6 Fighting
 + Level 8.0 Maces & Flails
 - Level 2.4 Armour
 - Level 1.1 Dodging
 + Level 6.6 Invocations


You had 6 spell levels left.
You didn't know any spells.
Your spell library was empty.

Dungeon Overview and Level Annotations

Branches:
Dungeon (5/15)
 Temple: D:4-7

Altars:
Elyvilon
Okawaru
Ru
Sif Muna
Wu Jian
Xom
Zin
The Shining One


Innate Abilities, Weirdness & Mutations

You reflexively headbutt those who attack you in melee.
You have a pair of horns on your head.
You possess an exceptional clarity of mind.
Your movements are slightly less encumbered by armour. (ER -2)


Message History

The ice beast is severely wounded.
The dart slug barely misses you. You furiously retaliate!
You headbutt the dart slug. The ice beast hits you. The ice beast freezes you!
* * * LOW HITPOINT WARNING * * *
Press: ? - help, Shift-Dir - straight line, f - ice beast
Aim: an ice beast (severely wounded, chance to defeat MR: 84%)
The ice beast barely resists.
You are feeling very hungry.
You can no longer corrupt the fabric of space.
The ice beast hits you but does no damage.
Your plate armour prevents you from hitting the ice beast.
You headbutt the ice beast.
The ice beast is almost dead.
The ice beast hits you but does no damage.
You closely miss the ice beast. Your headbutt misses the ice beast.
The ice beast is almost dead.
The ice beast hits you.
* * * LOW HITPOINT WARNING * * *
The ice beast freezes you!
You die...

#.....#.##..#........#
.........##...........
.......#.##...........
.......#.............. #
##...../..#..........
..##..$.))># ##.........
....... #).###..........
.......##...............
#...@Yw..............
###.###.............. #.
##..)...###.... ##
####..## ###..
#..#######. #......####
##..##..### ###.......
#........


You could see an ice beast and a dart slug.

Vanquished Creatures
  Grinder (D:5)
  A phantom (D:5)
  A scorpion (D:4)
  A hound (D:4)
  A jelly (D:5)
  An orc priest (D:4)
  3 centaur skeletons
  2 orc wizards (D:4)
  An iguana (D:4)
  5 worker ants
  A hound skeleton (D:4)
  4 gnolls (D:5)
  4 adders
  A shadow imp (D:5)
  An ooze (D:3)
  An adder skeleton (D:4)
  2 worms
  4 dart slugs
  5 leopard geckos
  17 orcs
  A ball python (D:1)
  2 giant cockroaches (D:3)
  4 goblins (D:1)
  12 hobgoblins
  5 jackals
  9 kobolds
  A quokka (D:4)
  10 bats
  12 frilled lizards
  A leopard gecko skeleton (D:3)
  A leopard gecko zombie (D:5)
  A quokka skeleton (D:5)
  6 rats
122 creatures vanquished.

Notes
Turn   | Place    | Note
-------+----------+-------------------------------------------
     0 | Abyss:1  | Curus the Minotaur Abyssal Knight began the quest for the
                  | Orb.
     0 | Abyss:1  | Reached XP level 1. HP: 19/19 MP: 1/1
    11 | D:1      | Escaped the Abyss
    86 | D:1      | Reached skill level 3 in Maces & Flails
    86 | D:1      | Reached XP level 2. HP: 15/26 MP: 2/2
   179 | D:1      | Reached ** piety under Lugonu
   201 | D:1      | Reached XP level 3. HP: 8/31 MP: 2/4
   903 | D:2      | Found a shimmering altar of Xom.
  1025 | D:2      | Gained mutation: You possess an exceptional clarity of
                  | mind. [potion of mutation]
  1025 | D:2      | Gained mutation: Your movements are slightly less
                  | encumbered by armour. (ER -2) [potion of mutation]
  1026 | D:2      | Found an iron altar of Okawaru.
  1112 | D:2      | Found a shimmering blue altar of Sif Muna.
  1213 | D:3      | Reached skill level 4 in Maces & Flails
  1213 | D:3      | Reached XP level 4. HP: 25/39 MP: 5/5
  1411 | D:3      | Reached *** piety under Lugonu
  1646 | D:3      | Found a sacrificial altar of Ru.
  2002 | D:3      | Found a white marble altar of Elyvilon.
  2002 | D:3      | Found a glowing silver altar of Zin.
  2002 | D:3      | Found a glowing golden altar of the Shining One.
  2087 | D:4      | Reached skill level 5 in Maces & Flails
  2087 | D:4      | Reached XP level 5. HP: 43/45 MP: 5/7
  2336 | D:4      | Reached XP level 6. HP: 13/51 MP: 8/8
  2622 | D:4      | Reached skill level 6 in Maces & Flails
  2694 | D:4      | Reached skill level 5 in Invocations
  3010 | D:4      | Found an ornate altar of the Wu Jian Council.
  3099 | D:5      | Entered Level 5 of the Dungeon
  3134 | D:5      | Reached XP level 7. HP: 52/57 MP: 10/10
  3135 | D:5      | Reached skill level 7 in Maces & Flails
  3202 | D:5      | Noticed Grinder
  3222 | D:5      | Killed Grinder
  3603 | D:5      | Reached **** piety under Lugonu
  3676 | D:5      | Reached skill level 8 in Maces & Flails
  3805 | D:5      | Slain by an ice beast

Levels and vault maps discovered:
D:1:      dpeg_arrival_rooms_a, layout_rooms, kennysheep_doodads,
          serial_bayou_pond_e, minmay_lizard_pond
D:2:      layout_rooms, nicolae_overflow_hidden_temple, xom_butterflies,
          marbit_many_paths, kennysheep_generic_room_5
D:3:      layout_loops_ring, good_gods_mini_temple,
          nicolae_ru_sacrificial_ziggurat, first_ration, minmay_circle_x
D:4:      layout_basic, lemuel_crystal_altar
D:5:      layout_cave_pools, nicolae_qazlal_eye_of_the_storm, uniq_grinder

Skill      XL: |  1  2  3  4  5  6  7 |
---------------+----------------------+-----
Invocations    | 2 3 4 5 6 |  6.6
Maces & Flails | 3 4 5 6 8 |  8.0
Fighting       | |  3.6
Armour         | |  2.4
Dodging        | |  1.1

Action                   |  1- 3 |  4- 6 |  7- 9 || total
-------------------------+-------+-------+-------++-------
Melee: Mace              |   106 |   195 |    17 ||   318
       Headbutt          |    10 |    22 |    19 ||    51
       Flail             |       |       |    58 ||    58
Invok: Banish            |       |       |     1 ||     1
  Use: Scroll            |     6 |     1 |       ||     7
       Potion            |     1 |     2 |     2 ||     5
  Eat: Chunk             |     1 |     6 |     2 ||     9
Armor: Ring mail         |    34 |     1 |       ||    35
       Leather armour    |     2 |       |       ||     2
       Plate armour      |       |   132 |    57 ||   189
Dodge: Dodged            |    70 |    71 |    34 ||   175
